Rocket vs Barracuda
(R1)
Created - April 18, 2022 at 20:12
Goals
|
| Rocket |
0 |
3 |
1 |
4 |
| Barracuda |
1 |
2 |
0 |
3 |
|
Shots
|
| Rocket |
12 |
13 |
14 |
39 |
| Barracuda |
4 |
13 |
4 |
21 |
|
1st period
1. Barracuda , Emil Pettersson 15 (William Carrier 31, Brandon Kozun 32) at 19:54
Penalties :
Alex Henriksson (S.J) for Hooking (Minor) at 3:00, Markus Nutivaara (S.J) for Hooking (Minor) at 16:00
2nd period
2. Barracuda , Dmitrij Jaskin 30 (Sam Carrick 49) at 6:18
3. Rocket , Adrian Kempe 27 (Danton Heinen 39, Corey Trivino 41) at 8:41 (PP)
4. Rocket , Jiri Sekac 8 (Ty Rattie 6) at 11:13
5. Barracuda , Sam Carrick 27 (Alex Iafallo 33) at 11:33
6. Rocket , Mattias Tedenby 32 (Peter Holland 25, Brandon Pirri 27) at 17:54
Penalties :
Sam Carrick (S.J) for Roughing (Minor) at 8:25, Markus Nutivaara (S.J) for Tripping (Minor) at 8:38
3rd period
7. Rocket , Corey Trivino 25 (Adrian Kempe 44) at 2:07 (PP)
Penalties :
Alex Iafallo (S.J) for Slashing (Minor) at 2:03, Danton Heinen (Lav) for Hooking (Minor) at 4:38, Chris Wagner (S.J) for Slashing (Minor) at 6:49, Peter Holland (Lav) for Hooking (Minor) at 17:00
Goalie Stats
Igor Shesterkin (Lav), 18 saves from 21 shots - (0.857), W, 23-12-1, 60:00 minutes
Oscar Dansk (S.J), 35 saves from 39 shots - (0.897), L, 5-5-0, 59:14 minutes
Players Stats for Rocket
Player Name G A P +/- PIM S H SB GA TA FO MP PP MP PK MP
------------------------------------------------------------------------------------
Adam Fox 0 0 0 0 0 3 2 1 0 1 0/0 25:50 4:53 1:31
Adrian Kempe 1 1 2 0 0 3 3 0 3 0 1/1 18:10 4:30 0:55
Andrei Mironov 0 0 0 -1 0 4 1 1 0 3 0/0 21:25 3:20 2:27
Andrey Pedan 0 0 0 0 0 1 1 1 0 0 0/0 18:40 3:20 0:00
Brandon Pirri 0 1 1 -1 0 3 2 0 0 0 2/2 20:38 3:43 0:00
Corey Trivino 1 1 2 0 0 3 0 0 1 0 13/19 18:23 4:27 1:09
Danton Heinen 0 1 1 0 2 2 1 0 0 0 0/0 18:07 4:22 0:00
Dean Kukan 0 0 0 0 0 1 2 0 0 0 0/0 14:22 0:00 0:00
Jack Glover 0 0 0 -1 0 3 0 1 0 1 0/0 15:43 0:00 2:27
Jakub Vrana 0 0 0 0 0 2 0 0 1 0 0/0 7:47 0:00 0:00
Jiri Sekac 1 0 1 0 0 1 3 1 1 0 0/0 11:36 0:00 1:09
Karson Kuhlman 0 0 0 0 0 0 1 0 0 0 6/12 12:41 0:00 2:19
Kole Sherwood 0 0 0 0 0 0 1 0 0 0 0/0 7:47 0:00 0:00
Luca Sbisa 0 0 0 0 0 0 0 0 0 0 0/0 0:00 0:00 0:00
Mason Appleton 0 0 0 0 0 0 0 0 0 0 0/1 7:55 0:08 0:00
Mattias Tedenby 1 0 1 -1 0 3 3 0 1 0 1/1 20:34 3:46 0:00
Peter Holland 0 1 1 -1 2 6 0 0 0 0 13/24 19:31 3:38 0:00
Ty Rattie 0 1 1 0 0 2 1 0 1 0 0/0 12:51 0:05 2:24
Viktor Loov 0 0 0 0 0 2 2 1 0 2 0/0 24:00 4:53 1:31
Players Stats for Barracuda
Player Name G A P +/- PIM S H SB GA TA FO MP PP MP PK MP
------------------------------------------------------------------------------------
Alex Henriksson 0 0 0 -1 2 2 1 0 1 0 0/0 10:14 0:39 1:30
Alex Iafallo 0 1 1 2 2 0 4 1 2 1 0/1 23:49 1:53 4:17
Arturs Kulda 0 0 0 0 0 0 0 2 1 1 0/0 28:20 2:19 5:14
Brandon Kozun 0 1 1 0 0 0 1 1 0 0 0/0 7:42 0:00 0:00
Chris Wagner 0 0 0 -1 2 1 1 0 0 0 0/0 14:11 1:41 0:00
Cole Ully 0 0 0 0 0 2 2 0 0 0 0/0 12:31 0:00 0:14
David Shields 0 0 0 2 0 0 1 0 0 0 0/0 13:56 0:00 1:39
Dmitrij Jaskin 1 0 1 2 0 4 0 1 1 1 0/0 18:53 1:58 0:00
Emil Pettersson 1 0 1 0 0 2 0 0 0 0 6/14 17:49 1:30 3:00
Eric Gustafsson 0 0 0 -1 0 2 0 1 0 0 0/0 20:09 1:39 2:53
Jerome Gauthier-Leduc 0 0 0 2 0 0 1 0 1 0 0/0 11:11 0:00 0:06
Justin Shugg 0 0 0 0 0 0 0 0 0 0 0/0 2:41 0:00 0:00
Markus Nutivaara 0 0 0 0 4 2 0 1 1 1 0/0 25:37 2:19 2:48
Noah Gregor 0 0 0 -1 0 0 0 0 0 0 4/6 7:29 0:00 0:00
Sam Carrick 1 1 2 2 2 3 4 2 0 0 11/31 22:53 1:54 4:07
Samuel Groulx 0 0 0 -1 0 1 1 2 0 2 0/0 20:45 1:39 3:45
Theodor Blueger 0 0 0 0 0 0 0 0 0 1 3/6 13:00 0:34 0:15
William Carrier 0 1 1 0 0 2 1 1 0 1 0/2 20:13 1:45 3:00
3 Stars
1 - Sam Carrick (S.J)
2 - Adrian Kempe (Lav)
3 - Corey Trivino (Lav)
Power Play
Rocket - 2 on 6 Attempt(s) - 33.33%
Barracuda - 0 on 2 Attempt(s) - 0.00%
Penalty Kill
Rocket - 2 on 2 Attempt(s) - 100.00%
- Score 0 goal in Penalty Kill
Barracuda - 4 on 6 Attempt(s) - 66.67%
- Score 0 goal in Penalty Kill
Team Stat
Rocket - Hits : 23 - Faceoff Wins : 36 - Blocked Shots : 6 - Penalty Minutes : 4
Barracuda - Hits : 17 - Faceoff Wins : 24 - Blocked Shots : 12 - Penalty Minutes : 12
Official
Referees : Brandon Blandina and Brad Meier
Linesman : Jonny Murray and Trent Knorr
Game Notes
Justin Shugg is injured at 15:29 of 1st period (Strained Right Knee)
Brandon Kozun is injured at 11:49 of 2nd period (Sore Left Knee)
Finance
Level 1 -- Attendance: 1720 (86.00%) -- Ticket Income $60,200
Level 2 -- Attendance: 872 (87.20%) -- Ticket Income $13,080
Total Attendance: 2592 (86.40%)
Total Ticket Income: $73,280
Other Income: $3,664
Total Income: $76,944
Rocket
5 vs 5 Forward
Center Left Wing Right Wing Time % Phy DF OF
1 Peter Holland Brandon Pirri Mattias Tedenby 40 0 1 4
2 Corey Trivino Adrian Kempe Danton Heinen 30 0 1 4
3 Karson Kuhlman Jiri Sekac Ty Rattie 20 0 2 3
4 Mason Appleton Jakub Vrana Kole Sherwood 10 0 2 3
5 vs 5 Defense
Defense Defense Time % Phy DF OF
1 Viktor Loov Adam Fox 40 1 2 2
2 Jack Glover Andrei Mironov 30 1 2 2
3 Dean Kukan Andrey Pedan 20 1 2 2
4 Andrei Mironov Adam Fox 10 1 2 2
PowerPlay Forward
Center Left Wing Right Wing Time % Phy DF OF
1 Corey Trivino Adrian Kempe Danton Heinen 60 1 2 2
2 Peter Holland Brandon Pirri Mattias Tedenby 40 1 2 2
PowerPlay Defense
Defense Defense Time % Phy DF OF
1 Viktor Loov Adam Fox 60 1 2 2
2 Andrei Mironov Andrey Pedan 40 1 2 2
Penalty Kill 4 Players Forward
Center Wing Time % Phy DF OF
1 Karson Kuhlman Ty Rattie 60 1 2 2
2 Corey Trivino Jiri Sekac 40 1 2 2
Penalty Kill 4 Players Defense
Defense Defense Time % Phy DF OF
1 Andrei Mironov Jack Glover 60 1 2 2
2 Viktor Loov Adam Fox 40 1 2 2
Penalty Kill - 3 Players Forward
Forward Time % Phy DF OF
1 Karson Kuhlman 60 1 2 2
2 Mason Appleton 40 1 2 2
Penalty Kill - 3 Players Defense
Defense Defense Time % Phy DF OF
1 Viktor Loov Dean Kukan 60 1 2 2
2 Adam Fox Andrey Pedan 40 1 2 2
4 vs 4 Forward
Center Wing Time % Phy DF OF
1 Corey Trivino Jakub Vrana 60 1 2 2
2 Brandon Pirri Adrian Kempe 40 1 2 2
4 vs 4 Defense
Defense Defense Time % Phy DF OF
1 Viktor Loov Dean Kukan 60 1 2 2
2 Jack Glover Andrey Pedan 40 1 2 2
Last Minutes Offensive
Center Left Wing Right Wing Defense Defense
Corey Trivino Brandon Pirri Mattias Tedenby Viktor Loov Dean Kukan
Last Minutes Defensive
Center Left Wing Right Wing Defense Defense
Corey Trivino Brandon Pirri Mattias Tedenby Viktor Loov Dean Kukan
Goaltenders
Starting : Igor Shesterkin
Backup : Sami Aittokallio
Extra Forwards
Normal : Danton Heinen, Adrian Kempe, Mattias Tedenby - PP : Danton Heinen, Adrian Kempe - PK : Jiri Sekac
Extra Defensemen
Normal : Andrei Mironov, Adam Fox, Jack Glover - PP : Viktor Loov - PK : Andrei Mironov, Dean Kukan
Penalty Shots
Corey Trivino, Mattias Tedenby, Brandon Pirri, Adrian Kempe, Danton Heinen
Scratches
Daniel Sprong (Healthy), Dominic Turgeon (Healthy), Dylan DeMelo (Healthy), Guillaume Brisebois (Healthy), Ryan Collins (Healthy)
Sergey Tolchinsky (Healthy), Tyler Lewington (Healthy), Luke Kunin (Healthy), Mikhail Maltsev (Healthy)
Barracuda
5 vs 5 Forward
Center Left Wing Right Wing Time % Phy DF OF
1 Sam Carrick Alex Iafallo Dmitrij Jaskin 40 1 2 2
2 Emil Pettersson William Carrier Brandon Kozun 30 1 2 2
3 Theodor Blueger Cole Ully Justin Shugg 20 1 2 2
4 Noah Gregor Alex Henriksson Chris Wagner 10 1 2 2
5 vs 5 Defense
Defense Defense Time % Phy DF OF
1 Arturs Kulda Markus Nutivaara 40 1 2 2
2 Eric Gustafsson Samuel Groulx 30 1 2 2
3 David Shields Jerome Gauthier-Leduc 20 1 2 2
4 Arturs Kulda Markus Nutivaara 10 1 2 2
PowerPlay Forward
Center Left Wing Right Wing Time % Phy DF OF
1 Sam Carrick Alex Iafallo Dmitrij Jaskin 60 1 2 2
2 Emil Pettersson William Carrier Brandon Kozun 40 1 2 2
PowerPlay Defense
Defense Defense Time % Phy DF OF
1 Arturs Kulda Markus Nutivaara 60 1 2 2
2 Eric Gustafsson Samuel Groulx 40 1 2 2
Penalty Kill 4 Players Forward
Center Wing Time % Phy DF OF
1 Sam Carrick Alex Iafallo 60 1 3 1
2 Emil Pettersson William Carrier 40 1 3 1
Penalty Kill 4 Players Defense
Defense Defense Time % Phy DF OF
1 Arturs Kulda Markus Nutivaara 60 1 4 0
2 Eric Gustafsson Samuel Groulx 40 1 4 0
Penalty Kill - 3 Players Forward
Forward Time % Phy DF OF
1 Sam Carrick 60 1 4 0
2 Emil Pettersson 40 1 4 0
Penalty Kill - 3 Players Defense
Defense Defense Time % Phy DF OF
1 Arturs Kulda Markus Nutivaara 60 1 4 0
2 Eric Gustafsson Samuel Groulx 40 1 4 0
4 vs 4 Forward
Center Wing Time % Phy DF OF
1 Sam Carrick Alex Iafallo 60 1 2 2
2 Emil Pettersson William Carrier 40 1 2 2
4 vs 4 Defense
Defense Defense Time % Phy DF OF
1 Arturs Kulda Markus Nutivaara 60 1 2 2
2 Eric Gustafsson Samuel Groulx 40 1 2 2
Last Minutes Offensive
Center Left Wing Right Wing Defense Defense
Sam Carrick Alex Iafallo Dmitrij Jaskin Arturs Kulda Markus Nutivaara
Last Minutes Defensive
Center Left Wing Right Wing Defense Defense
Sam Carrick Alex Iafallo Dmitrij Jaskin Arturs Kulda Markus Nutivaara
Goaltenders
Starting : Oscar Dansk
Backup : Joacim Eriksson
Extra Forwards
Normal : William Carrier, Emil Pettersson, Justin Shugg - PP : William Carrier, Emil Pettersson - PK : William Carrier
Extra Defensemen
Normal : Samuel Groulx, David Shields, Jerome Gauthier-Leduc - PP : Samuel Groulx - PK : Samuel Groulx, David Shields
Penalty Shots
Alex Iafallo, Dmitrij Jaskin, Sam Carrick, Brandon Kozun, William Carrier
Scratches
Alex Lintuniemi (Healthy), Jaedon Descheneau (Healthy), Mario Lucia (Healthy), Robin Norell (Healthy), Thomas Gobeil (Healthy)
Tanner Jeannot (Healthy), Drew O'Connor (Healthy), Dennis Cholowski (Healthy), Kevin Lankinen (Healthy)
% Time on Ice - Rocket
Lines # - Real PCT - Wanted PCT - Time Play
Normal Forward
1 - 35% - 40% - 16:35
2 - 26% - 30% - 12:08
3 - 22% - 20% - 10:22
4 - 17% - 10% - 7:47
Normal Defense
1 - 37% - 40% - 17:21
2 - 31% - 30% - 14:25
3 - 28% - 20% - 13:16
4 - 4% - 10% - 1:50
PP Forward
1 - 56% - 60% - 4:35
2 - 44% - 40% - 3:38
PP Defense
1 - 59% - 60% - 4:53
2 - 41% - 40% - 3:20
PK Forward
1 - 84% - 60% - 3:19
2 - 16% - 40% - 0:39
PK Defense
1 - 62% - 60% - 2:27
2 - 38% - 40% - 1:31
PK3 Forward
1 - 0% - 60%
2 - 0% - 40%
PK3 Defense
1 - 0% - 60%
2 - 0% - 40%
44 Forward
1 - 0% - 60%
2 - 0% - 40%
44 Defense
1 - 0% - 60%
2 - 0% - 40%
Last Minute Offensive - 0:00
Last Minute Defensive - 0:57
Total
Forward - 60:00
Defense - 60:00
|
% Time on Ice - Barracuda
Lines # - Real PCT - Wanted PCT - Time Play
Normal Forward
1 - 32% - 40% - 14:59
2 - 32% - 30% - 14:48
3 - 23% - 20% - 10:50
4 - 13% - 10% - 6:12
Normal Defense
1 - 38% - 40% - 17:58
2 - 34% - 30% - 15:50
3 - 23% - 20% - 10:34
4 - 5% - 10% - 2:27
PP Forward
1 - 43% - 60% - 1:43
2 - 57% - 40% - 2:15
PP Defense
1 - 58% - 60% - 2:19
2 - 42% - 40% - 1:39
PK Forward
1 - 77% - 60% - 6:18
2 - 23% - 40% - 1:52
PK Defense
1 - 70% - 60% - 5:44
2 - 30% - 40% - 2:26
PK3 Forward
1 - 100% - 60% - 0:03
2 - 0% - 40% - 0:00
PK3 Defense
1 - 100% - 60% - 0:03
2 - 0% - 40% - 0:00
44 Forward
1 - 0% - 60%
2 - 0% - 40%
44 Defense
1 - 0% - 60%
2 - 0% - 40%
Last Minute Offensive - 1:00
Last Minute Defensive - 0:00
Total
Forward - 60:00
Defense - 60:00
|
Play-by-Play
1st period
0:01 of 1st period - Sam Carrick wins face-off versus Peter Holland in neutral zone.
0:46 of 1st period - Off-side.
0:47 of 1st period - Noah Gregor wins face-off versus Karson Kuhlman in neutral zone.
0:56 of 1st period - Slapshot by Chris Wagner.
0:56 of 1st period - Shot Misses the Net.
3:00 of 1st period - Minor Penalty to Alex Henriksson for Hooking.
3:01 of 1st period - Corey Trivino wins face-off versus Sam Carrick in Barracuda zone.
4:49 of 1st period - Icing by Adam Fox.
4:50 of 1st period - Peter Holland wins face-off versus Sam Carrick in Rocket zone.
4:50 of 1st period - Peter Holland is hit by Alex Iafallo.
5:00 of 1st period - Penalty to Alex Henriksson is over, Alex Henriksson is back on ice.
5:14 of 1st period - Snap shot by Cole Ully.
5:14 of 1st period - Stopped by Igor Shesterkin without a rebound.
5:15 of 1st period - Karson Kuhlman wins face-off versus Emil Pettersson in Rocket zone.
5:41 of 1st period - Arturs Kulda is hit by Brandon Pirri and loses puck.
5:50 of 1st period - Snap shot by Mattias Tedenby.
5:50 of 1st period - Stopped by Oscar Dansk with a rebound.
7:03 of 1st period - Snap shot by Jiri Sekac.
7:03 of 1st period - Shot Misses the Net.
7:05 of 1st period - Slapshot by Andrey Pedan.
7:05 of 1st period - Stopped by Oscar Dansk without a rebound.
7:06 of 1st period - Sam Carrick wins face-off versus Karson Kuhlman in Barracuda zone.
7:30 of 1st period - Brandon Pirri is hit by Jerome Gauthier-Leduc and loses puck.
8:11 of 1st period - Slapshot by Adam Fox.
8:11 of 1st period - Shot Misses the Net.
8:13 of 1st period - Slapshot by Viktor Loov.
8:13 of 1st period - Stopped by Oscar Dansk with a rebound.
8:15 of 1st period - Snap shot by Viktor Loov.
8:15 of 1st period - Shot Blocked by Alex Iafallo.
8:17 of 1st period - Slapshot by Viktor Loov.
8:17 of 1st period - Shot Misses the Net.
8:19 of 1st period - Slapshot by Viktor Loov.
8:19 of 1st period - Shot Misses the Net.
8:21 of 1st period - Slapshot by Jakub Vrana.
8:21 of 1st period - Stopped by Oscar Dansk without a rebound.
8:22 of 1st period - Emil Pettersson wins face-off versus Peter Holland in Barracuda zone.
8:24 of 1st period - Icing by William Carrier.
8:25 of 1st period - Peter Holland wins face-off versus Emil Pettersson in Barracuda zone.
8:56 of 1st period - Snap shot by Adrian Kempe.
8:56 of 1st period - Shot Misses the Net.
9:10 of 1st period - Wrist shot by Jiri Sekac.
9:10 of 1st period - Shot Blocked by Eric Gustafsson.
9:12 of 1st period - Wrist shot by Andrei Mironov.
9:12 of 1st period - Deflect By Eric Gustafsson.
9:12 of 1st period - Stopped by Oscar Dansk with a rebound.
9:14 of 1st period - Wrist shot by Andrei Mironov.
9:14 of 1st period - Shot Blocked by Samuel Groulx.
9:34 of 1st period - Wrist shot by Mattias Tedenby.
9:34 of 1st period - Shot Misses the Net.
9:36 of 1st period - Snap shot by Jack Glover.
9:36 of 1st period - Stopped by Oscar Dansk with a rebound.
10:07 of 1st period - Snap shot by Emil Pettersson.
10:07 of 1st period - Stopped by Igor Shesterkin without a rebound.
10:08 of 1st period - Sam Carrick wins face-off versus Corey Trivino in Rocket zone.
10:33 of 1st period - Sam Carrick is hit by Karson Kuhlman and loses puck.
10:46 of 1st period - Snap shot by Karson Kuhlman.
10:46 of 1st period - Shot Misses the Net.
10:56 of 1st period - Slapshot by Emil Pettersson.
10:56 of 1st period - Shot Misses the Net.
11:58 of 1st period - Andrei Mironov is hit by Brandon Kozun and loses puck.
12:20 of 1st period - Snap shot by Mattias Tedenby.
12:20 of 1st period - Stopped by Oscar Dansk with a rebound.
12:50 of 1st period - Snap shot by Peter Holland.
12:50 of 1st period - Stopped by Oscar Dansk with a rebound.
12:52 of 1st period - Slapshot by Mattias Tedenby.
12:52 of 1st period - Shot Misses the Net.
12:54 of 1st period - Wrist shot by Mattias Tedenby.
12:54 of 1st period - Shot Misses the Net.
12:56 of 1st period - Snap shot by Brandon Pirri.
12:56 of 1st period - Stopped by Oscar Dansk without a rebound.
12:57 of 1st period - Sam Carrick wins face-off versus Corey Trivino in Barracuda zone.
13:05 of 1st period - Off-side.
13:06 of 1st period - Adrian Kempe wins face-off versus Sam Carrick in neutral zone.
13:13 of 1st period - Wrist shot by Danton Heinen.
13:13 of 1st period - Shot Misses the Net.
13:15 of 1st period - Slapshot by Adam Fox.
13:15 of 1st period - Stopped by Oscar Dansk without a rebound.
13:16 of 1st period - Sam Carrick wins face-off versus Peter Holland in Barracuda zone.
13:27 of 1st period - Wrist shot by Peter Holland.
13:27 of 1st period - Stopped by Oscar Dansk with a rebound.
13:46 of 1st period - Adam Fox is hit by Sam Carrick and loses puck.
14:21 of 1st period - Slapshot by Dmitrij Jaskin.
14:21 of 1st period - Shot Misses the Net.
14:27 of 1st period - Adam Fox is hit by Sam Carrick and loses puck.
14:35 of 1st period - Off-side.
14:36 of 1st period - Brandon Pirri wins face-off versus Emil Pettersson in neutral zone.
15:14 of 1st period - Wrist shot by Jakub Vrana.
15:14 of 1st period - Stopped by Oscar Dansk without a rebound.
15:15 of 1st period - Theodor Blueger wins face-off versus Peter Holland in Barracuda zone.
15:28 of 1st period - Justin Shugg is hit by Andrey Pedan and loses puck.
15:29 of 1st period - Justin Shugg from Barracuda is injured at 15:29 of 1st period (Strained Right Knee).
15:30 of 1st period - Peter Holland wins face-off versus Sam Carrick in Barracuda zone.
15:42 of 1st period - Off-side.
15:43 of 1st period - Corey Trivino wins face-off versus Sam Carrick in neutral zone.
16:00 of 1st period - Minor Penalty to Markus Nutivaara for Hooking.
16:01 of 1st period - Sam Carrick wins face-off versus Corey Trivino in Barracuda zone.
18:00 of 1st period - Penalty to Markus Nutivaara is over, Markus Nutivaara is back on ice.
19:10 of 1st period - Wrist shot by Jakub Vrana.
19:10 of 1st period - Shot Misses the Net.
19:12 of 1st period - Slapshot by Andrei Mironov.
19:12 of 1st period - Deflect By Mason Appleton.
19:12 of 1st period - Shot Blocked by Sam Carrick.
19:12 of 1st period - Puck is out of play.
19:13 of 1st period - Corey Trivino wins face-off versus Sam Carrick in Barracuda zone.
19:30 of 1st period - Eric Gustafsson is hit by Adrian Kempe and loses puck.
19:52 of 1st period - Wrist shot by William Carrier.
19:52 of 1st period - Stopped by Igor Shesterkin with a rebound.
19:54 of 1st period - Snap shot by Emil Pettersson.
19:54 of 1st period - Goal by Emil Pettersson - Rocket : 0 - Barracuda : 1.
19:55 of 1st period - Peter Holland wins face-off versus Sam Carrick in neutral zone.
Goals for this period are 0 for Rocket vs 1 for Barracuda.
Shots for this period are 12 for Rocket vs 4 for Barracuda.
2nd period
0:01 of 2nd period - Peter Holland wins face-off versus Sam Carrick in neutral zone.
0:26 of 2nd period - Brandon Kozun is hit by Danton Heinen and loses puck.
0:49 of 2nd period - Snap shot by Ty Rattie.
0:49 of 2nd period - Stopped by Oscar Dansk without a rebound.
0:50 of 2nd period - Karson Kuhlman wins face-off versus Theodor Blueger in Barracuda zone.
1:22 of 2nd period - Wrist shot by Dmitrij Jaskin.
1:22 of 2nd period - Shot Blocked by Andrei Mironov.
1:38 of 2nd period - Wrist shot by Adrian Kempe.
1:38 of 2nd period - Stopped by Oscar Dansk without a rebound.
1:39 of 2nd period - Corey Trivino wins face-off versus Noah Gregor in Barracuda zone.
2:06 of 2nd period - Peter Holland is hit by Alex Iafallo and loses puck.
2:15 of 2nd period - Wrist shot by Dmitrij Jaskin.
2:15 of 2nd period - Shot Misses the Net.
2:17 of 2nd period - Wrist shot by Dmitrij Jaskin.
2:17 of 2nd period - Stopped by Igor Shesterkin with a rebound.
2:50 of 2nd period - Snap shot by Adrian Kempe.
2:50 of 2nd period - Stopped by Oscar Dansk with a rebound.
3:24 of 2nd period - Wrist shot by Dmitrij Jaskin.
3:24 of 2nd period - Stopped by Igor Shesterkin with a rebound.
4:50 of 2nd period - Wrist shot by Cole Ully.
4:50 of 2nd period - Stopped by Igor Shesterkin with a rebound.
4:52 of 2nd period - Snap shot by Markus Nutivaara.
4:52 of 2nd period - Deflect By Andrei Mironov.
4:52 of 2nd period - Stopped by Igor Shesterkin without a rebound.
4:53 of 2nd period - Theodor Blueger wins face-off versus Corey Trivino in Rocket zone.
5:39 of 2nd period - Slapshot by Samuel Groulx.
5:39 of 2nd period - Stopped by Igor Shesterkin with a rebound.
5:41 of 2nd period - Slapshot by Samuel Groulx.
5:41 of 2nd period - Shot Misses the Net.
5:43 of 2nd period - Snap shot by Alex Henriksson.
5:43 of 2nd period - Shot Misses the Net.
5:45 of 2nd period - Snap shot by Alex Henriksson.
5:45 of 2nd period - Deflect By Chris Wagner.
5:45 of 2nd period - Shot Misses the Net.
5:45 of 2nd period - Puck is out of play.
5:46 of 2nd period - Peter Holland wins face-off versus Sam Carrick in Rocket zone.
5:46 of 2nd period - Peter Holland is hit by Alex Iafallo.
6:18 of 2nd period - Snap shot by Dmitrij Jaskin.
6:18 of 2nd period - Goal by Dmitrij Jaskin - Rocket : 0 - Barracuda : 2.
6:19 of 2nd period - Emil Pettersson wins face-off versus Peter Holland in neutral zone.
6:23 of 2nd period - Markus Nutivaara is hit by Adam Fox and loses puck.
6:43 of 2nd period - Icing by Markus Nutivaara.
6:44 of 2nd period - Sam Carrick wins face-off versus Corey Trivino in Barracuda zone.
7:30 of 2nd period - Viktor Loov is hit by Cole Ully and loses puck.
8:25 of 2nd period - Minor Penalty to Sam Carrick for Roughing.
8:26 of 2nd period - Corey Trivino wins face-off versus William Carrier in Barracuda zone.
8:27 of 2nd period - Snap shot by Adrian Kempe.
8:27 of 2nd period - Shot Misses the Net.
8:29 of 2nd period - Snap shot by Danton Heinen.
8:29 of 2nd period - Shot Misses the Net.
8:31 of 2nd period - Snap shot by Danton Heinen.
8:31 of 2nd period - Shot Misses the Net.
8:33 of 2nd period - Wrist shot by Corey Trivino.
8:33 of 2nd period - Stopped by Oscar Dansk with a rebound.
8:38 of 2nd period - Minor Penalty to Markus Nutivaara for Tripping.
8:39 of 2nd period - Corey Trivino wins face-off versus William Carrier in Barracuda zone.
8:41 of 2nd period - Wrist shot by Adrian Kempe.
8:41 of 2nd period - Goal by Adrian Kempe - Rocket : 1 - Barracuda : 2.
8:42 of 2nd period - Corey Trivino wins face-off versus Sam Carrick in neutral zone.
10:38 of 2nd period - Penalty to Markus Nutivaara is over, Markus Nutivaara is back on ice.
10:53 of 2nd period - Wrist shot by Markus Nutivaara.
10:53 of 2nd period - Shot Misses the Net.
11:03 of 2nd period - Slapshot by Andrei Mironov.
11:03 of 2nd period - Stopped by Oscar Dansk with a rebound.
11:05 of 2nd period - Snap shot by Andrei Mironov.
11:05 of 2nd period - Shot Blocked by Markus Nutivaara.
11:07 of 2nd period - Slapshot by Danton Heinen.
11:07 of 2nd period - Stopped by Oscar Dansk without a rebound.
11:08 of 2nd period - Emil Pettersson wins face-off versus Karson Kuhlman in Barracuda zone.
11:13 of 2nd period - Slapshot by Jiri Sekac.
11:13 of 2nd period - Goal by Jiri Sekac - Rocket : 2 - Barracuda : 2.
11:14 of 2nd period - Peter Holland wins face-off versus Emil Pettersson in neutral zone.
11:27 of 2nd period - Wrist shot by William Carrier.
11:27 of 2nd period - Stopped by Igor Shesterkin without a rebound.
11:28 of 2nd period - Sam Carrick wins face-off versus Peter Holland in Rocket zone.
11:33 of 2nd period - Slapshot by Sam Carrick.
11:33 of 2nd period - Goal by Sam Carrick - Rocket : 2 - Barracuda : 3.
11:34 of 2nd period - Peter Holland wins face-off versus Emil Pettersson in neutral zone.
11:37 of 2nd period - Snap shot by Brandon Pirri.
11:37 of 2nd period - Shot Misses the Net.
11:49 of 2nd period - Wrist shot by Brandon Pirri.
11:49 of 2nd period - Deflect By Mattias Tedenby.
11:49 of 2nd period - Shot Blocked by Brandon Kozun.
11:49 of 2nd period - Brandon Kozun from Barracuda is injured at 11:49 of 2nd period (Sore Left Knee).
11:50 of 2nd period - Emil Pettersson wins face-off versus Peter Holland in Barracuda zone.
12:15 of 2nd period - Dmitrij Jaskin is hit by Jiri Sekac and loses puck.
12:24 of 2nd period - Snap shot by Alex Iafallo.
12:24 of 2nd period - Shot Blocked by Jiri Sekac.
13:35 of 2nd period - Wrist shot by Jack Glover.
13:35 of 2nd period - Shot Misses the Net.
13:37 of 2nd period - Slapshot by Andrei Mironov.
13:37 of 2nd period - Stopped by Oscar Dansk with a rebound.
13:39 of 2nd period - Slapshot by Jack Glover.
13:39 of 2nd period - Stopped by Oscar Dansk without a rebound.
13:40 of 2nd period - Karson Kuhlman wins face-off versus Sam Carrick in Barracuda zone.
14:33 of 2nd period - Adam Fox is hit by David Shields and loses puck.
14:53 of 2nd period - Slapshot by Markus Nutivaara.
14:53 of 2nd period - Shot Misses the Net.
14:55 of 2nd period - Wrist shot by Chris Wagner.
14:55 of 2nd period - Stopped by Igor Shesterkin without a rebound.
14:56 of 2nd period - Theodor Blueger wins face-off versus Karson Kuhlman in Rocket zone.
15:23 of 2nd period - William Carrier is hit by Brandon Pirri.
15:57 of 2nd period - Wrist shot by Eric Gustafsson.
15:57 of 2nd period - Deflect By Jiri Sekac.
15:57 of 2nd period - Stopped by Igor Shesterkin with a rebound.
16:19 of 2nd period - Icing by Eric Gustafsson.
16:20 of 2nd period - Noah Gregor wins face-off versus Mason Appleton in Barracuda zone.
16:39 of 2nd period - Slapshot by Markus Nutivaara.
16:39 of 2nd period - Deflect By Mattias Tedenby.
16:39 of 2nd period - Stopped by Igor Shesterkin with a rebound.
17:15 of 2nd period - Cole Ully is hit by Kole Sherwood and loses puck.
17:25 of 2nd period - Off-side.
17:26 of 2nd period - Noah Gregor wins face-off versus Peter Holland in neutral zone.
17:31 of 2nd period - Slapshot by Alex Henriksson.
17:31 of 2nd period - Stopped by Igor Shesterkin without a rebound.
17:32 of 2nd period - Noah Gregor wins face-off versus Peter Holland in Rocket zone.
17:33 of 2nd period - Wrist shot by Alex Henriksson.
17:33 of 2nd period - Stopped by Igor Shesterkin without a rebound.
17:34 of 2nd period - Peter Holland wins face-off versus Noah Gregor in Rocket zone.
17:34 of 2nd period - Peter Holland is hit by Chris Wagner.
17:54 of 2nd period - Wrist shot by Mattias Tedenby.
17:54 of 2nd period - Goal by Mattias Tedenby - Rocket : 3 - Barracuda : 3.
17:55 of 2nd period - Emil Pettersson wins face-off versus Peter Holland in neutral zone.
18:20 of 2nd period - Andrei Mironov is hit by Alex Iafallo and loses puck.
18:45 of 2nd period - Wrist shot by Theodor Blueger.
18:45 of 2nd period - Shot Blocked by Andrey Pedan.
18:47 of 2nd period - Wrist shot by William Carrier.
18:47 of 2nd period - Deflect By Dean Kukan.
18:47 of 2nd period - Shot Misses the Net.
18:47 of 2nd period - Puck is out of play.
18:48 of 2nd period - Peter Holland wins face-off versus Theodor Blueger in Rocket zone.
18:55 of 2nd period - Wrist shot by Peter Holland.
18:55 of 2nd period - Stopped by Oscar Dansk with a rebound.
18:57 of 2nd period - Slapshot by Dean Kukan.
18:57 of 2nd period - Stopped by Oscar Dansk without a rebound.
18:58 of 2nd period - Peter Holland wins face-off versus Theodor Blueger in Barracuda zone.
19:27 of 2nd period - Wrist shot by Mattias Tedenby.
19:27 of 2nd period - Shot Misses the Net.
Goals for this period are 3 for Rocket vs 2 for Barracuda.
Shots for this period are 13 for Rocket vs 13 for Barracuda.
3rd period
0:01 of 3rd period - Corey Trivino wins face-off versus Sam Carrick in neutral zone.
0:21 of 3rd period - Dmitrij Jaskin is hit by Viktor Loov and loses puck.
0:34 of 3rd period - Slapshot by Markus Nutivaara.
0:34 of 3rd period - Deflect By Dmitrij Jaskin.
0:34 of 3rd period - Shot Blocked by Viktor Loov.
0:34 of 3rd period - Puck is out of play.
0:35 of 3rd period - Emil Pettersson wins face-off versus Peter Holland in Rocket zone.
0:42 of 3rd period - Chris Wagner is hit by Mattias Tedenby and loses puck.
1:57 of 3rd period - Snap shot by Corey Trivino.
1:57 of 3rd period - Shot Blocked by Arturs Kulda.
2:03 of 3rd period - Minor Penalty to Alex Iafallo for Slashing.
2:04 of 3rd period - Corey Trivino wins face-off versus Sam Carrick in Barracuda zone.
2:07 of 3rd period - Snap shot by Corey Trivino.
2:07 of 3rd period - Goal by Corey Trivino - Rocket : 4 - Barracuda : 3.
2:08 of 3rd period - Corey Trivino wins face-off versus Sam Carrick in neutral zone.
2:33 of 3rd period - Mattias Tedenby is hit by William Carrier and loses puck.
2:42 of 3rd period - Snap shot by Peter Holland.
2:42 of 3rd period - Stopped by Oscar Dansk with a rebound.
2:45 of 3rd period - Icing by Chris Wagner.
2:46 of 3rd period - Corey Trivino wins face-off versus Emil Pettersson in Barracuda zone.
2:49 of 3rd period - Slapshot by Adrian Kempe.
2:49 of 3rd period - Deflect By Danton Heinen.
2:49 of 3rd period - Stopped by Oscar Dansk with a rebound.
2:51 of 3rd period - Snap shot by Corey Trivino.
2:51 of 3rd period - Shot Blocked by William Carrier.
2:53 of 3rd period - Slapshot by Andrei Mironov.
2:53 of 3rd period - Stopped by Oscar Dansk with a rebound.
2:55 of 3rd period - Slapshot by Jack Glover.
2:55 of 3rd period - Stopped by Oscar Dansk with a rebound.
3:16 of 3rd period - Snap shot by Danton Heinen.
3:16 of 3rd period - Shot Misses the Net.
3:18 of 3rd period - Wrist shot by Corey Trivino.
3:18 of 3rd period - Deflect By Danton Heinen.
3:18 of 3rd period - Shot Misses the Net.
3:18 of 3rd period - Puck is out of play.
3:19 of 3rd period - Brandon Pirri wins face-off versus Alex Iafallo in Barracuda zone.
3:20 of 3rd period - Snap shot by Mattias Tedenby.
3:20 of 3rd period - Shot Blocked by Dmitrij Jaskin.
3:26 of 3rd period - Wrist shot by Peter Holland.
3:26 of 3rd period - Stopped by Oscar Dansk without a rebound.
3:27 of 3rd period - Peter Holland wins face-off versus Sam Carrick in Barracuda zone.
3:33 of 3rd period - Icing by David Shields.
3:34 of 3rd period - Mattias Tedenby wins face-off versus Sam Carrick in Barracuda zone.
3:43 of 3rd period - Wrist shot by Sam Carrick.
3:43 of 3rd period - Stopped by Igor Shesterkin with a rebound.
4:01 of 3rd period - Slapshot by Ty Rattie.
4:01 of 3rd period - Stopped by Oscar Dansk with a rebound.
4:03 of 3rd period - Slapshot by Jack Glover.
4:03 of 3rd period - Shot Misses the Net.
4:05 of 3rd period - Snap shot by Andrei Mironov.
4:05 of 3rd period - Shot Misses the Net.
4:07 of 3rd period - Snap shot by Ty Rattie.
4:07 of 3rd period - Deflect By Sam Carrick.
4:07 of 3rd period - Shot Misses the Net.
4:07 of 3rd period - Puck is out of play.
4:08 of 3rd period - Peter Holland wins face-off versus Emil Pettersson in Barracuda zone.
4:19 of 3rd period - Wrist shot by Peter Holland.
4:19 of 3rd period - Stopped by Oscar Dansk with a rebound.
4:21 of 3rd period - Slapshot by Brandon Pirri.
4:21 of 3rd period - Stopped by Oscar Dansk with a rebound.
4:23 of 3rd period - Snap shot by Peter Holland.
4:23 of 3rd period - Deflect By Brandon Pirri.
4:23 of 3rd period - Shot Blocked by Arturs Kulda.
4:23 of 3rd period - Puck is out of play.
4:24 of 3rd period - Corey Trivino wins face-off versus Sam Carrick in Barracuda zone.
4:38 of 3rd period - Minor Penalty to Danton Heinen for Hooking.
4:39 of 3rd period - Sam Carrick wins face-off versus Karson Kuhlman in Rocket zone.
4:41 of 3rd period - Slapshot by Markus Nutivaara.
4:41 of 3rd period - Deflect By Dmitrij Jaskin.
4:41 of 3rd period - Stopped by Igor Shesterkin without a rebound.
4:42 of 3rd period - Karson Kuhlman wins face-off versus Sam Carrick in Rocket zone.
4:53 of 3rd period - Wrist shot by Sam Carrick.
4:53 of 3rd period - Stopped by Igor Shesterkin without a rebound.
4:54 of 3rd period - Sam Carrick wins face-off versus Karson Kuhlman in Rocket zone.
4:57 of 3rd period - Wrist shot by Dmitrij Jaskin.
4:57 of 3rd period - Deflect By Sam Carrick.
4:57 of 3rd period - Shot Misses the Net.
4:57 of 3rd period - Puck is out of play.
4:58 of 3rd period - Karson Kuhlman wins face-off versus Sam Carrick in Rocket zone.
5:11 of 3rd period - Snap shot by Markus Nutivaara.
5:11 of 3rd period - Shot Blocked by Jack Glover.
5:35 of 3rd period - Slapshot by Arturs Kulda.
5:35 of 3rd period - Shot Blocked by Adam Fox.
5:37 of 3rd period - Wrist shot by Markus Nutivaara.
5:37 of 3rd period - Deflect By William Carrier.
5:37 of 3rd period - Shot Misses the Net.
5:37 of 3rd period - Puck is out of play.
5:38 of 3rd period - Sam Carrick wins face-off versus Corey Trivino in Rocket zone.
6:12 of 3rd period - Slapshot by Eric Gustafsson.
6:12 of 3rd period - Stopped by Igor Shesterkin with a rebound.
6:38 of 3rd period - Penalty to Danton Heinen is over, Danton Heinen is back on ice.
6:49 of 3rd period - Minor Penalty to Chris Wagner for Slashing.
6:50 of 3rd period - Corey Trivino wins face-off versus Sam Carrick in Barracuda zone.
6:54 of 3rd period - Slapshot by Adam Fox.
6:54 of 3rd period - Stopped by Oscar Dansk with a rebound.
6:56 of 3rd period - Slapshot by Adam Fox.
6:56 of 3rd period - Shot Blocked by Sam Carrick.
6:58 of 3rd period - Slapshot by Adam Fox.
6:58 of 3rd period - Shot Misses the Net.
7:00 of 3rd period - Slapshot by Viktor Loov.
7:00 of 3rd period - Deflect By Sam Carrick.
7:00 of 3rd period - Stopped by Oscar Dansk with a rebound.
7:02 of 3rd period - Wrist shot by Corey Trivino.
7:02 of 3rd period - Shot Misses the Net.
7:26 of 3rd period - Backhand shot by Adam Fox.
7:26 of 3rd period - Stopped by Oscar Dansk with a rebound.
8:00 of 3rd period - Adrian Kempe is hit by Alex Henriksson and loses puck.
8:39 of 3rd period - Sam Carrick is hit by Viktor Loov and loses puck.
8:49 of 3rd period - Penalty to Chris Wagner is over, Chris Wagner is back on ice.
9:10 of 3rd period - Chris Wagner is hit by Ty Rattie and loses puck.
9:21 of 3rd period - Eric Gustafsson is hit by Andrei Mironov and loses puck.
9:30 of 3rd period - Slapshot by Jakub Vrana.
9:30 of 3rd period - Shot Blocked by Samuel Groulx.
11:21 of 3rd period - Theodor Blueger is hit by Dean Kukan and loses puck.
12:28 of 3rd period - Alex Iafallo is hit by Adam Fox and loses puck.
13:32 of 3rd period - Theodor Blueger is hit by Mattias Tedenby and loses puck.
14:04 of 3rd period - Ty Rattie is hit by Sam Carrick and loses puck.
14:29 of 3rd period - Adrian Kempe is hit by Sam Carrick and loses puck.
14:36 of 3rd period - Arturs Kulda is hit by Adrian Kempe and loses puck.
14:59 of 3rd period - Wrist shot by Brandon Pirri.
14:59 of 3rd period - Stopped by Oscar Dansk with a rebound.
15:56 of 3rd period - Samuel Groulx is hit by Mattias Tedenby and loses puck.
16:09 of 3rd period - Markus Nutivaara is hit by Jiri Sekac and loses puck.
16:16 of 3rd period - Cole Ully is hit by Jiri Sekac and loses puck.
16:29 of 3rd period - Emil Pettersson is hit by Adrian Kempe and loses puck.
16:44 of 3rd period - Theodor Blueger is hit by Dean Kukan and loses puck.
17:00 of 3rd period - Minor Penalty to Peter Holland for Hooking.
17:01 of 3rd period - Karson Kuhlman wins face-off versus Emil Pettersson in Rocket zone.
17:46 of 3rd period - Slapshot by Adam Fox.
17:46 of 3rd period - Deflect By Corey Trivino.
17:46 of 3rd period - Stopped by Oscar Dansk with a rebound.
17:52 of 3rd period - Adam Fox is hit by Samuel Groulx and loses puck.
19:00 of 3rd period - Penalty to Peter Holland is over, Peter Holland is back on ice.
19:11 of 3rd period - Andrey Pedan is hit by Cole Ully and loses puck.
19:14 of 3rd period - Barracuda, Oscar Dansk is pulled from the net.
19:16 of 3rd period - Snap shot by Sam Carrick.
19:16 of 3rd period - Shot Misses the Net.
19:30 of 3rd period - Slapshot by Danton Heinen.
19:30 of 3rd period - Shot Misses the Net.
19:59 of 3rd period - Slapshot by Mattias Tedenby.
19:59 of 3rd period - Shot Misses the Net.
Goals for this period are 1 for Rocket vs 0 for Barracuda.
Shots for this period are 14 for Rocket vs 4 for Barracuda.